 Dungeon Crawl Stone Soup version 0.30.0-13-g156ef70053 (webtiles) character file.

Game seed: 14979246226718505131

35 Chodeload the Slasher (level 3, 0/29 HPs)
             Began as a Demigod Wanderer on May 17, 2023.
             Succumbed to an adder's poison
             ... on level 2 of the Dungeon.
             The game lasted 00:01:32 (975 turns).

Chodeload the Slasher (Demigod Wanderer)             Turns: 975, Time: 00:01:32

Health: 0/29       AC:  3    Str: 13    XL:     3   Next: 2%
Magic:  5/5        EV: 10    Int: 10    God:
Gold:   66         SH:  0    Dex: 21    Spells: 2/2 levels left

rFire   . . .        a - +2 falchion
rCold   . . .        (no shield)
rNeg    . . .        e - +0 leather armour
rPois   .            (no helmet)
rElec   .            (no cloak)
rCorr   .            (no gloves)
SInv    .            (no boots)
Will    +....        (no amulet)
Stlth   ++           j - ring of willpower
HPRegen 0.24/turn    (no ring)
MPRegen 0.09/turn

%: no passive effects
@: lethally poisoned (0 -> -3)
A: high MP 1, forlorn, divine attributes
a: no special abilities


You were on level 2 of the Dungeon.
You visited 1 branch of the dungeon, and saw 2 of its levels.

You collected 66 gold pieces.

Inventory:

Hand Weapons
 a - a +2 falchion (weapon)
Missiles
 i - 3 poisoned darts (quivered)
Armour
 e - a +0 leather armour (worn)
Jewellery
 j - a ring of willpower (left hand)
Wands
 c - a wand of polymorph (6)
Scrolls
 b - a scroll of blinking {unknown}
 d - 6 scrolls of teleportation
 g - a scroll of amnesia {unknown}
 h - a scroll of torment {unknown}
Potions
 f - a potion of haste {unknown}
 k - a potion of might {unknown}


   Skills:
 + Level 2.1 Fighting
 + Level 4.1 Long Blades
 - Level 1.0 Staves
 - Level 1.0 Armour
 - Level 2.6 Evocations


You had 2 spell levels left.
You didn't know any spells.
Your spell library contained the following spells:

 Spells                   Type           Power      Damage    Failure   Level
 Sandblast                Erth           0%         2d4       43%         1
 Blink                    Tloc           0%         N/A       58%         2
 Lesser Beckoning         Tloc           0%         N/A       58%         2
 Momentum Strike          Conj/Tloc      0%         3d8       58%         2
 Passwall                 Tmut/Erth      0%         N/A       58%         2
 Stone Arrow              Conj/Erth      0%         3d7       82%         3


Dungeon Overview and Level Annotations

Branches:
Dungeon (2/15)

Annotations:
D:2 Jessica


Innate Abilities, Weirdness & Mutations

You have an increased reservoir of magic. (+10% MP)
You shall have no god before yourself.
Your divine heritage dramatically boosts your attributes as you level up.


Message History

k - a fizzy coppery potion The adder hisses angrily.
Jessica casts a spell at you. Pain shoots through your body!
Jessica zaps a wand.
The puff of flame hits you!
Jessica zaps a wand.
The puff of flame hits you.
Jessica gestures wildly while chanting.
Jessica blinks!
You slash the adder!
The adder is severely wounded.
The adder closely misses you.
Jessica mumbles some strange words.
Jessica blinks!
The adder barely misses you.
You closely miss the adder.
The adder is severely wounded.
The adder closely misses you.
You hit the adder.
The adder is almost dead.
The adder bites you.
You barely miss the adder.
The adder is almost dead.
The adder bites you.
* * * LOW HITPOINT WARNING * * *
You are lethally poisoned!
The adder poisons you! The adder bites you.
* * * LOW HITPOINT WARNING * * *
You slash the adder!
You kill the adder!
* * * LOW HITPOINT WARNING * * *
You feel sick.
You have reached level 3!
Your experience leads to a dramatic increase in your attributes!
Increase (S)trength, (I)ntelligence, or (D)exterity?
You feel agile. x4
Okay, then.
* * * LOW HITPOINT WARNING * * *
You feel sick.
* * * LOW HITPOINT WARNING * * *
You feel sick.
You die...

######'###.........#
#........#.........#
#..................#
#...................
#.........##'#######
#.........##.# #......
.......###.##.# #......
##..... #.##.# #......
+...... #.##@# #......
.......#+##.# #......
.......#.#### ......
.......'....########..#..
.......#.##..#......w....
.......#.###..w..........
#+#....#.# ##............
######+# ##@..........
+...........


There were no monsters in sight!

Vanquished Creatures
  An adder (D:2)
  A worm (D:2)
  2 bats (D:1)
  2 endoplasms (D:1)
  3 giant cockroaches (D:1)
  2 goblins
  2 hobgoblins (D:1)
  A kobold (D:1)
  2 quokkas
  A ball python (D:1)
  3 frilled lizards (D:1)
  A rat (D:1)
21 creatures vanquished.

Notes
Turn   | Place    | Note
-------+----------+-------------------------------------------
     0 | D:1      | Chodeload the Demigod Wanderer began the quest for the Orb.
     0 | D:1      | Chodeload set off with the following items: a +2 falchion,
                  | a +0 quarterstaff, a wand of polymorph (6), a scroll of
                  | teleportation, a +0 leather armour.
     0 | D:1      | Reached XP level 1. HP: 16/16 MP: 3/3
   275 | D:1      | Reached XP level 2. HP: 17/23 MP: 4/4
   539 | D:1      | Reached skill level 4 in Long Blades
   952 | D:2      | Noticed Jessica
   973 | D:2      | Reached XP level 3. HP: 3/29 MP: 5/5
   974 | D:2      | HP: 1/29 [poisoned by an adder]
   975 | D:2      | Succumbed to an adder's poison

Illustrated notes

Levels and vault maps discovered:
D:1:      nzn_arrival_depleted_hourglass, layout_basic
D:2:      layout_basic, uniq_jessica

Skill      XL: |  1  2 |
---------------+-------+-----
Long Blades    | 4 |  4.1
Fighting       | 2 |  2.1
Staves         | |  1.0
Armour         | |  1.0
Evocations     | |  2.6

Action                     || total
---------------------------++-------
  Melee: Falchion          ||    63
   Stab: Sleeping          ||     1
 Armour: Leather armour    ||    21
  Dodge: Dodged            ||    32
